 Dungeon Crawl Stone Soup version 0.21.1-1-g345015f (webtiles) character file.

60 Hebeh the Covered (level 3, -2/34 HPs)
             Began as a Deep Dwarf Fighter on June 21, 2018.
             Slain by a hobgoblin
             ... wielding a +0 club
              (3 damage)
             ... on level 2 of the Dungeon.
             The game lasted 00:04:55 (932 turns).

Hebeh the Covered (Deep Dwarf Fighter)               Turns: 932, Time: 00:04:55

Health: -2/34      AC:  7    Str: 20    XL:     3   Next: 82%
Magic:  3/3        EV:  7    Int:  8    God:
Gold:   18         SH:  9    Dex: 12    Spells: 2/2 levels left

rFire    . . .     SeeInvis .   a - +0 war axe
rCold    . . .     Gourm    .   c - +0 shield
rNeg     . . .     Faith    .   b - +0 scale mail
rPois    .         Spirit   .   (no helmet)
rElec    .         Reflect  .   (no cloak)
rCorr    .         Harm     .   (no gloves)
MR       .....                  (no boots)
Stlth    ..........             (no amulet)
HPRegen  0.00/turn              (no ring)
MPRegen  0.08/turn              (no ring)

@: lethally poisoned (-2 -> -2), non-regenerating
A: damage resistance, heal wounds, sense surroundings 1, no regeneration
a: Heal Wounds


You were on level 2 of the Dungeon.
You were not hungry.

You visited 1 branch of the dungeon, and saw 2 of its levels.

You collected 18 gold pieces.

Inventory:

Hand Weapons
 a - a +0 war axe (weapon)
Armour
 b - a +0 scale mail (worn)
 c - a +0 shield (worn)
Scrolls
 e - a scroll of magic mapping {unknown}
 h - a scroll of remove curse {unknown}
 j - 4 scrolls of enchant weapon {unknown}
 k - 3 scrolls of identify {unknown}
 l - a scroll of teleportation {unknown}
Potions
 d - a potion of might
 i - 2 potions of curing {unknown}
 m - a potion of haste {unknown}
Comestibles
 f - 4 rations


   Skills:
 + Level 3.1 Fighting
 * Level 3.3 Axes
 + Level 3.7 Armour
 + Level 3.7 Shields


You had 2 spell levels left.
You didn't know any spells.

Dungeon Overview and Level Annotations

Branches:
Dungeon (2/15)

Altars:

Annotations:
D:2 Terence


Innate Abilities, Weirdness & Mutations

You are resistant to damage.
You can heal yourself by infusing magical energy.
You passively map a small area around you.
You do not regenerate.


Message History

The jackal bites you but does no damage.
The hobgoblin hits you but does no damage.
You block the goblin's attack. You block the adder's attack.
The jackal closely misses you.
Unknown command.
The jackal bites you. The hobgoblin hits you with a club.
* * * LOW HITPOINT WARNING * * *
The worm barely misses you. You block the jackal's attack. The adder bites you.
* * * LOW HITPOINT WARNING * * *
The goblin hits you.
Unknown command.
The jackal closely misses you. You block the jackal's attack.
The jackal barely misses you. The adder bites you but does no damage.
The hobgoblin barely misses you. The goblin hits you but does no damage.
The worm bites you but does no damage.
Unknown command.
You block the jackal's attack. The jackal bites you.
You block the jackal's attack. You block the adder's attack.
The hobgoblin hits you with a club.
You die...

#.##...#..###....#
*...... ,,,
..#...........#.##
...... , ,
###..#..#.....#.## *
... , ,
,....##......##..# ....
#####........##..##...,
........###..#.#, * * *
.....###....#, ,
....[rhhS..#.##
.#...@h@g......
......gw....... * ,
...............
...##.#.##..... ,* ..#
#...#*..... .. ##..#
..... , , ... #### * ,
...., , , ,


You could see Terence, a worm, an adder, 3 jackals, a hobgoblin, a goblin and a
rat.

Vanquished Creatures
  3 gnolls (D:2)
  An adder (D:2)
  2 giant cockroaches (D:1)
  2 goblins (D:1)
  2 hobgoblins (D:1)
  A ball python (D:1)
  3 bats
  2 frilled lizards (D:1)
  5 kobolds (D:1)
  8 rats (D:1)
29 creatures vanquished.

Notes
Turn   | Place    | Note
-------+----------+-------------------------------------------
     0 | D:1      | Hebeh the Deep Dwarf Fighter began the quest for the Orb.
     0 | D:1      | Reached XP level 1. HP: 20/20 MP: 1/1
    72 | D:1      | Reached XP level 2. HP: 24/27 MP: 2/2
   769 | D:2      | Reached XP level 3. HP: 20/34 MP: 3/3
   897 | D:2      | Noticed Terence
   930 | D:2      | HP: 1/34 [adder (1)]
   932 | D:2      | Slain by a hobgoblin

Skill      XL: |  1  2 |
---------------+-------+-----
Fighting       | 3 |  3.1
Axes           | 3 |  3.3
Armour         | |  3.7
Shields        | |  3.7

Action                   || total
-------------------------++-------
Melee: War axe           ||    74
 Abil: Heal Wounds       ||     1
Armor: Scale mail        ||    94
Dodge: Dodged            ||    84
Block: Shield            ||   116
